 Dungeon Crawl Stone Soup version 0.30-a0-528-g8c47a4955b (webtiles) character file.

Game seed: 10980255022593308877

2436291 rigao the Petrodigitator (level 27, 188/188 HPs)
             Began as a Gargoyle Fighter on Dec 20, 2022.
             Was an Elder of Okawaru.
             Escaped with the Orb
             ... and 4 runes on Dec 23, 2022!
             The game lasted 02:37:39 (66519 turns).

rigao the Petrodigitator (Gargoyle Fighter)        Turns: 66519, Time: 02:37:40

Health: 188/188    AC: 66    Str: 38    XL:     27
Magic:  46/46      EV: 26    Int: 16    God:    Okawaru [****..]
Gold:   5657       SH: 14    Dex:  9    Spells: 43/57 levels left

rFire   + . .      SeeInvis +    a - +9 demon whip (elec)
rCold   + . .      Faith    .    g - +2 shield of Resistance {rF++ rC++ Will++}
rNeg    + + .      Spirit   .    M - +10 plate armour "Kehok" {Harm Fly rN+}
rPois   ∞          Reflect  .    U - +2 helmet {Int+3}
rElec   +          Harm     +    A - +2 cloak {rCorr}
rCorr   +          Rampage  .    N - +1 pair of gloves of Vikableuva {Regen+}
Will    +++++                    d - +2 pair of boots of Spite {+Blink Will+} Stlth
                                 w - amulet "Yratuwy" {Regen+ Str+6 Int+2 SInv}
HPRegen 2.11/turn                X - ring of the Hare {EV+8}
MPRegen 0.30/turn                Y - ring "Jukit" {rF- EV+4 Slay+5 Stlth+}

@: flying, studying 3 skills
A: sickness immunity, AC +20, big wings, negative energy resistance 1,
electricity resistance, torment resistance 1, petrification resistance, high MP
1, screaming 1, cold vulnerability 1
0: Orb of Zot
}: 4/15 runes: decaying, serpentine, slimy, silver
a: Renounce Religion, Evoke Blink, Heroism, Finesse


You escaped.
You worshipped Okawaru.
Okawaru was greatly pleased with you.
You visited 12 branches of the dungeon, and saw 56 of its levels.
You also visited: Trove, Bailey, Ice Cave, Volcano and Wizlab.

You collected 9493 gold pieces.
You spent 3836 gold pieces at shops.

Inventory:

Hand Weapons
 a - a +9 demon whip of electrocution (weapon)
 b - the +10 rapier "Dibli" {vorpal, rElec Int+4}
   (You found it on level 5 of the Lair of Beasts)

   It inflicts extra damage upon your enemies.
   Int:       It affects your intelligence (+4).
   rElec:     It insulates you from electricity.
 V - the +11 eveningstar of Anxiety {flame, *Rage rF- rC+++ Stlth+}
   (Okawaru gifted it to you on level 5 of the Lair of Beasts)

   It burns those it strikes, dealing additional fire damage.
   rF:        It makes you vulnerable to fire.
   rC:        It renders you almost immune to cold.
   *Rage:     It berserks you when you make melee attacks (+20% chance).
   Stlth:     It makes you more stealthy.
Missiles
 h - 5 throwing nets
 q - a boomerang
 G - 8 silver javelins (quivered)
 S - 16 javelins
 W - 7 silver boomerangs
Armour
 d - the +2 pair of boots of Spite (worn) {+Blink Will+}
   (Okawaru gifted it to you on level 2 of the Snake Pit)

   +Blink:    It lets you blink.
   Will:      It increases your willpower.
 g - the +2 shield of Resistance (worn) {rF++ rC++ Will++}
   (You bought it in a shop on level 2 of the Orcish Mines)

   rF:        It greatly protects you from fire.
   rC:        It greatly protects you from cold.
   Will:      It greatly increases your willpower.
 A - a +2 cloak of preservation (worn)
 M - the +10 plate armour "Kehok" (worn) {Harm Fly rN+}
   (Okawaru gifted it to you on level 2 of the Lair of Beasts)

   rN:        It protects you from negative energy.
   Fly:       It grants you flight.
   Harm:      It increases damage dealt and taken.
 N - the +1 pair of gloves of Vikableuva (worn) {Regen+}
   (You bought it in a shop on level 3 of the Vaults)

   Regen:     It increases your rate of health regeneration.
 U - a +2 helmet of intelligence (worn)
Jewellery
 c - the ring "Ujaiwec" {rCorr Dex+9 Stlth+}
   (You found it in a treasure trove)

   [ring of resist corrosion]

   Dex:       It affects your dexterity (+9).
   rCorr:     It protects you from acid and corrosion.
   Stlth:     It makes you more stealthy.
 e - the necklace of Bloodlust {*Rage Will++ Int-3 Slay+6}
   (You found it on level 3 of the Elven Halls)

   [amulet of nothing]

   It extends the wearer's berserk rage when killing foes.
   Int:       It affects your intelligence (-3).
   Slay:      It affects your accuracy & damage with ranged weapons and melee
   (+6).
   *Rage:     It berserks you when you make melee attacks (+50% chance).
   Will:      It greatly increases your willpower.
 f - the ring "Tedaeli" {rN+ Will+ Str+7}
   (You found it in a treasure trove)

   [ring of positive energy]

   Str:       It affects your strength (+7).
   rN:        It protects you from negative energy.
   Will:      It increases your willpower.
 w - the amulet "Yratuwy" (around neck) {Regen+ Str+6 Int+2 SInv}
   (You bought it in a shop on level 2 of the Vaults)

   [amulet of regeneration]

   Str:       It affects your strength (+6).
   Int:       It affects your intelligence (+2).
   SInv:      It lets you see invisible.
   Regen:     It increases your rate of health regeneration.
 L - a ring of the Octopus King {Fly HP+2 AC+2 EV+2 SH+2}
   (You found it on level 2 of the Vaults)

   [ring of flight]

   AC:        It affects your AC (+2).
   EV:        It affects your evasion (+2).
   HP:        It affects your health (+2).
   Fly:       It grants you flight.
   SH:        It affects your SH (+2).
 R - the amulet of Desertification {Harm +Inv Regen+ Int+8 Stlth-}
   (You found it on level 3 of the Crypt)

   [amulet of regeneration]

   Int:       It affects your intelligence (+8).
   +Inv:      It lets you turn invisible.
   Regen:     It increases your rate of health regeneration.
   Harm:      It increases damage dealt and taken.
   Stlth:     It makes you less stealthy.
 X - the ring of the Hare (left hand) {EV+8}
   (You found it in a wizard's laboratory)

   [ring of evasion]

   EV:        It affects your evasion (+8).
 Y - the ring "Jukit" (right hand) {rF- EV+4 Slay+5 Stlth+}
   (You acquired it on level 3 of the Crypt)

   [ring of evasion]

   EV:        It affects your evasion (+4).
   Slay:      It affects your accuracy & damage with ranged weapons and melee
   (+5).
   rF:        It makes you vulnerable to fire.
   Stlth:     It makes you more stealthy.
Wands
 n - a wand of digging (53)
 y - a wand of acid (21)
 O - a wand of polymorph (21)
 T - a wand of mindburst (34)
Scrolls
 j - 15 scrolls of blinking
 r - 8 scrolls of fear
 t - 9 scrolls of fog
 u - 2 scrolls of poison
 v - 33 scrolls of teleportation
 x - 2 scrolls of magic mapping
 B - 4 scrolls of enchant armour
 D - 3 scrolls of silence
 F - 6 scrolls of enchant weapon
Potions
 i - 6 potions of ambrosia
 k - 19 potions of curing
 l - 15 potions of mutation
 m - 11 potions of brilliance
 o - 7 potions of resistance
 p - 2 potions of cancellation
 s - 10 potions of magic
 z - 7 potions of might
 C - 6 potions of invisibility
 H - 16 potions of haste
 I - 7 potions of lignification
 J - 7 potions of attraction
 P - 5 potions of berserk rage
 Z - 17 potions of heal wounds
Miscellaneous
 E - a condenser vane (inert)
 K - a phial of floods
 Q - a tin of tremorstones (2/2)


   Skills:
 + Level 23.3 Fighting
 - Level 12.9 Maces & Flails
 - Level 15.0 Throwing
 + Level 23.3 Armour
 + Level 18.5 Dodging
 - Level 15.0 Shields
 + Level 15.5 Spellcasting
 O Level 27 Earth Magic
 - Level 12.0 Invocations


You had 43 spell levels left.
You knew the following spells:

 Your Spells              Type           Power      Damage    Failure   Level
a - Lee's Rapid Deconstr  Erth           39%        3d19*     0%          5
b - Shatter               Erth           39%        3d31*     36%         9

Your spell library contained the following spells:

 Spells                   Type           Power      Damage    Failure   Level
 Sandblast                Erth           100%       2d20      0%          1
 Passwall                 Tmut/Erth      44%        N/A       1%          2
 Stone Arrow              Conj/Erth      100%       3d13      1%          3
 Leda's Liquefaction      Hex/Erth       26%        N/A       1%          4
 Petrify                  Tmut/Erth      53%        N/A       1%          4
 Borgnjor's Vile Clutch   Necr/Erth      26%        N/A       2%          5
 Iron Shot                Conj/Erth      26%        9d6       14%         6
 Apportation              Tloc           24%        N/A       24%         1
 Foxfire                  Conj/Fire      48%        2x1d6     24%         1
 Freeze                   Ice            48%        1d6       24%         1
 Kiss of Death            Conj/Necr      48%        2d9       24%         1
 Magic Dart               Conj           48%        1d5       24%         1
 Shock                    Conj/Air       48%        1d6       24%         1
 Ensorcelled Hibernation  Hex/Ice        24%        N/A       36%         2
 Poisonous Vapours        Pois/Air       24%        N/A       36%         2
 Confusing Touch          Hex            12%        N/A       58%         3
 Dazzling Flash           Conj/Hex       24%        N/A       58%         3
 Frozen Ramparts          Ice            24%        1d4       58%         3
 Gell's Gravitas          Tloc           12%        N/A       58%         3
 Hailstorm                Conj/Ice       12%        3d5       58%         3
 Ignite Poison            Fire/Tmut/Pois 12%        N/A       58%         3
 Inner Flame              Hex/Fire       12%        N/A       58%         3
 Kindle Blastsparks       Fire/Tloc/Air  24%        2d12      58%         3
 Mephitic Cloud           Conj/Pois/Air  12%        N/A       58%         3
 Ozocubu's Armour         Ice            12%        N/A       58%         3
 Portal Projectile        Hex/Tloc       24%        N/A       58%         3
 Spider Form              Tmut/Pois      12%        N/A       58%         3
 Swiftness                Air            12%        N/A       58%         3
 Teleport Other           Tloc           12%        N/A       58%         3
 Vampiric Draining        Necr           12%        2d6       58%         3
 Vhi's Electric Charge    Tloc/Air       24%        N/A       58%         3
 Airstrike                Air            6%         2d(1-17)  94%         4
 Anguish                  Hex/Necr       6%         N/A       94%         4
 Cause Fear               Hex            6%         N/A       94%         4
 Dispel Undead            Necr           12%        3d9       94%         4
 Flame Wave               Conj/Fire      12%        2d6       94%         4
 Ice Form                 Ice/Tmut       12%        N/A       94%         4
 Iskenderun's Mystic Bla  Conj/Tloc      12%        2d5       94%         4
 Manifold Assault         Tloc           12%        N/A       94%         4
 Sticky Flame             Conj/Fire      12%        2d4       94%         4
 Agony                    Necr           12%        N/A       100%        5
 Arcjolt                  Conj/Air       6%         1d16      100%        5
 Blade Hands              Tmut           6%         N/A       100%        5
 Fireball                 Conj/Fire      6%         3d5       100%        5
 Freezing Cloud           Conj/Ice/Air   6%         6-21      100%        5
 Irradiate                Conj/Tmut      6%         3d13      100%        5
 Iskenderun's Battlesphe  Conj           12%        2d7       100%        5
 Lightning Bolt           Conj/Air       6%         1d18      100%        5
 Metabolic Englaciation   Hex/Ice        6%         N/A       100%        5
 Silence                  Hex/Air        6%         N/A       100%        5
 Conjure Ball Lightning   Conj/Air       6%         3x3d6     100%        6
 Dispersal                Tloc           6%         N/A       100%        6
 Eringya's Noxious Bog    Tmut/Pois      6%         N/A       100%        6
 Starburst                Conj/Fire      6%         6d4       100%        6
 Dragon Form              Tmut           6%         N/A       100%        7
 Enfeeble                 Hex            6%         N/A       100%        7
 Orb of Destruction       Conj           6%         9d6       100%        7
 Ozocubu's Refrigeration  Ice            6%         4d8       100%        7
 Borgnjor's Revivificati  Necr           6%         N/A       100%        8
 Disjunction              Tloc           6%         N/A       100%        8
 Ignition                 Fire           6%         3d4       100%        8
 Maxwell's Capacitive Co  Air            6%         ∞         100%        8
 Necromutation            Tmut/Necr      6%         N/A       100%        8
 Chain Lightning          Conj/Air       6%         3d8       100%        9
 Death's Door             Necr           6%         N/A       100%        9
 Fire Storm               Conj/Fire      6%         8d2       100%        9
 Statue Form              Tmut/Erth      Unusable   N/A       N/A         6
 Call Imp                 Summ           Unusable   N/A       N/A         2
 Cigotuvi's Dreadful Rot  Necr/Pois/Air  Unusable   N/A       N/A         2
 Sublimation of Blood     Necr           Unusable   N/A       N/A         2
 Tukima's Dance           Hex            Unusable   N/A       N/A         3
 Animate Dead             Necr           Unusable   N/A       N/A         4
 Summon Ice Beast         Ice/Summ       Unusable   N/A       N/A         4
 Summon Lightning Spire   Summ/Air       Unusable   N/A       N/A         4
 Summon Forest            Summ/Tloc      Unusable   N/A       N/A         5
 Death Channel            Necr           Unusable   N/A       N/A         6
 Haunt                    Necr/Summ      Unusable   N/A       N/A         7
 Summon Hydra             Summ           Unusable   N/A       N/A         7
 Dragon's Call            Summ           Unusable   N/A       N/A         9

Dungeon Overview and Level Annotations

Branches:
Dungeon (15/15)            Temple (1/1) D:6            Lair (5/5) D:9
  Swamp (4/4) Lair:2        Snake (4/4) Lair:3        Slime (5/5) Lair:4
    Orc (2/2) D:10            Elf (3/3) Orc:2        Vaults (5/5) D:14
  Crypt (3/3) Vaults:2       Tomb (0/3) Crypt:3      Depths (4/4) D:15
    Zot (5/5) Depths:4     Bailey (visited)           IceCv (visited)
Volcano (visited)          WizLab (visited)

Altars:
Ashenzari
Cheibriados
Dithmenos
Elyvilon
Fedhas
Gozag
Hepliaklqana
Kikubaaqudgha
Makhleb
Nemelex Xobeh
Okawaru
Qazlal
Ru
Sif Muna
Trog
Uskayaw
Vehumet
Wu Jian
Xom
Yredelemnul
Zin
The Shining One
Jiyva

Shops:
D:8 (   Orc:2 ?:?[   Snake:1 !=   Snake:2 (*?   Snake:3 [   Vaults:2 =
Vaults:3 *   Vaults:5 (   Depths:1 [?   Depths:2 !:=:

Portals:
Hell: Depths:1 Depths:2 Depths:3 Depths:4
Abyss: Depths:3 Depths:4
Pandemonium: Orc:2 Depths:1 Depths:2
Ziggurat: Depths:1

Annotations:
Elf:2 3 runed translucent doors
Zot:1 1 transporter, 3 runed translucent doors, caveywoolpert's ghost, veteran DgEE
Zot:2 3 runed translucent doors, Numeyn's ghost, legendary GrBe


Innate Abilities, Weirdness & Mutations

You are immune to sickness and miasma.
Your stone body is resilient. (AC +20)
You are immune to poison.
Your large and strong wings let you fly.
You resist negative energy. (rN+)
You are resistant to electric shocks. (rElec)
You are resistant to unholy torment.
You are immune to petrification.
You have an increased reservoir of magic. (+10% MP)
You occasionally shout uncontrollably at your foes.
You are vulnerable to cold. (rC-)


Message History

There is a stone staircase leading up here.
You fly upwards.
There is a stone staircase leading down here.
There is a stone staircase leading up here.
You fly upwards.
There is a stone staircase leading down here.
There is a stone staircase leading up here.
You fly upwards.
There is a stone staircase leading down here.
A lorocyproca comes into view.
The lorocyproca gives a chilling moan.
You thrash the lorocyproca!!
The lorocyproca is moderately wounded.
You whack the lorocyproca!
The lorocyproca is heavily wounded.
The lorocyproca misses you.
You barely miss the lorocyproca.
The lorocyproca is heavily wounded.
You whack the lorocyproca!
The lorocyproca is severely wounded.
You block the lorocyproca's attack.
You thrash the lorocyproca!!
The lorocyproca is almost dead.
The lorocyproca hits you but does no damage.
You miss the lorocyproca.
The lorocyproca is almost dead.
You thrash the lorocyproca!!
You kill the lorocyproca!
Okawaru accepts your kill.
No target in view!
(D) Dungeon (T) Temple (L) Lair (S) Swamp (P) Snake Pit (M) Slime Pits (O) Orcish Mines (E) Elven Halls (V) Vaults (C) Crypt (W) Tomb (U) Depths (H) Hell (Z) Zot
Where to? (Enter - D:1 @ (x,y), ? - help)
There is a stone staircase leading up here.
You fly upwards.
There is a stone staircase leading down here.
There is a staircase leading out of the dungeon here.
You have escaped!

....#....#.#.#.#.#.#.#.#...# #.#
#########...............#### #.#
#..........#......# #.#
##.......#.......## #(# #
#......#....#.....# #.# #
##...#...........## #.# #
#..#...#.#.#.#....# #.# #
##...............## #.# #
#...#..#.@.#..#...# #.# #
##...............######.# #
#....#.#.#.#...#..#.....# #
##...........#...##.###.# #
#.....#....#......#.###.# #
##.......#.......##...#.# #
#......#..........###.#.#
#########...............###....#
....##...#.#.#.#.#.#.#.#.....#.#


There were no monsters in sight!

Vanquished Creatures
  Dissolution (Slime:2)
  the Royal Jelly (Slime:5)
  2 dread liches
  4 ancient liches
  Khufu (Crypt:3)
  6 orbs of fire (Zot:5)
  3 juggernauts
  A royal mummy (Crypt:3)
  Bai Suzhen (Elf:3)
  4 Killer Klowns
  the Lernaean hydra (Swamp:4)
  5 caustic shrikes
  11 golden dragons
  Saint Roka (Depths:1)
  Nikola (Depths:2)
  A profane servitor (D:13)
  3 bone dragons
  5 electric golems
  Cloud Mage (WizLab)
  16 tentacled monstrosities
  The ghost of Verendum the Black Belt, an adept OpTm of Ashenzari (Elf:3)
  A shard shrike skeleton (Crypt:3)
  Asterion (Snake:1)
  A Hell Sentinel (D:7)
  Jorgrun (D:13)
  Rupert (D:13)
  A lich (Depths:3)
  8 quicksilver dragons
  26 Orb Guardians
  2 deep elf blademasters (Elf:3)
  A deep elf master archer (Elf:3)
  4 death cobs
  Frances (Snake:1)
  3 titans (Vaults:4)
  10 ancient champions
  The ghost of zero the Eclecticist, an adept DECj of Gozag (Swamp:4)
  12 acid blobs
  10 storm dragons
  7 sphinxes
  The ghost of Cewk the Eclecticist, an adept DEVM of Sif Muna (Vaults:2)
  4 draconian monks
  Donald (Snake:4)
  7 tengu reavers
  4 shadow dragons
  Kirke (Elf:1)
  An azure jelly (shapeshifter) (Vaults:5)
  4 revenants
  11 rockslimes
  4 azure jellies
  13 fire giants
  2 iron dragons
  6 nagarajas
  3 draconian knights
  4 draconian scorchers
  11 frost giants
  Louise (Snake:1)
  8 deep elf sorcerers
  An angel (Depths:1)
  5 deep elf elementalists
  13 vault wardens
  2 draconian stormcallers
  8 quicksilver oozes
  9 ghouls
  3 curse skulls
  3 spriggan defenders (Depths:2)
  8 draconian shifters
  A juggernaut zombie (Crypt:3)
  3 orc warlords
  A draconian annihilator (Zot:5)
  45 very ugly things
  2 caustic shrike skeletons (Crypt:3)
  4 war gargoyles
  10 ironbound thunderhulks
  21 ironbound preservers
  6 vampire knights
  5 grey draconians
  6 deep elf demonologists
  9 green draconians
  7 eleionomae
  12 stone giants
  Nessos (Lair:3)
  3 black draconians
  7 deep elf annihilators
  2 lorocyprocas
  4 red draconians
  Azrael (Elf:1)
  8 dire elephants
  11 purple draconians
  5 bunyips
  13 spark wasps
  11 white draconians
  8 yellow draconians
  2 green deaths (Swamp:4)
  8 deep elf death magi
  An ettin (shapeshifter) (Vaults:4)
  A quicksilver dragon zombie (Vaults:3)
  10 ettins
  7 fire dragons
  4 blizzard demons
  4 eidola
  Snorg (D:10)
  23 yaktaur captains
  6 jiangshi
  9 deep elf high priests
  An entropy weaver (Vaults:1)
  10 great orbs of eyes
  2 rakshasas (Depths:2)
  2 peacekeepers
  11 ice dragons
  8 ironbound frosthearts
  4 salamander tyrants
  11 spriggan air magi
  3 demonspawn (Orc:2)
  30 vault guards
  18 hydras
  4 ghost crabs
  A merfolk avatar (Lair:5)
  A quicksilver dragon skeleton (Crypt:3)
  An anaconda (shapeshifter) (Elf:1)
  2 catoblepae
  2 ogre magi
  6 anacondas
  9 centaur warriors
  9 dancing weapons
  4 spriggan skeletons
  11 alligators
  A death knight (Crypt:1)
  5 boulder beetles
  19 naga warriors
  4 death yaks
  A hell hog (Volcano)
  7 tengu warriors
  3 deep troll shamans
  5 two-headed ogres
  8 shock serpents
  9 naga sharpshooters
  4 spriggan berserkers
  11 deep troll earth magi
  2 vampire magi
  A thrashing horror (Swamp:4)
  2 sun demons (Depths:2)
  4 orc high priests
  12 deep elf knights
  Urug (Lair:1)
  7 soul eaters
  Sonja (D:11)
  5 titan skeletons (Crypt:3)
  An emperor scorpion zombie (Crypt:2)
  Amaemon (Lair:3)
  3 shadow wraiths
  28 skeletal warriors
  9 salamander mystics
  8 iron trolls
  A goliath frog (shapeshifter) (Vaults:5)
  8 sea snakes
  60 deep trolls
  4 bunyip skeletons (Crypt:3)
  3 flayed ghosts
  4 spriggan druids
  2 death drakes (WizLab)
  A bunyip zombie (Crypt:3)
  2 swamp dragons (shapeshifter)
  2 glowing orange brains (Depths:3)
  13 naga ritualists
  8 swamp dragons
  13 wizards
  An obsidian statue (D:13)
  15 phantasmal warriors
  A spriggan simulacrum (Crypt:2)
  15 bog bodies
  Pikel (D:7)
  15 lindwurms
  6 necromancers
  26 ironbound convokers
  10 deep elf archers
  13 orc knights
  9 mana vipers
  A shining eye (Slime:3)
  14 deep elf zephyrmancers
  A shadow dragon skeleton (Crypt:1)
  11 orc sorcerers
  2 cyclopes
  A wolf spider (Vaults:4)
  26 deep elf pyromancers
  16 moths of wrath
  51 ugly things
  3 will-o-the-wisps
  4 manticores
  A moth of wrath (shapeshifter) (Vaults:5)
  28 salamanders
  9 guardian serpents
  An elf zombie (Vaults:3)
  22 elephants
  Joseph (D:8)
  An elephant slug zombie (Crypt:2)
  2 apocalypse crabs (WizLab)
  A dire elephant zombie (Crypt:2)
  21 vault sentinels
  2 eyes of devastation
  42 black mambas
  5 gargoyles
  A torpor snail (Lair:1)
  3 ice statues
  An iron dragon skeleton (Crypt:3)
  14 cane toads
  17 naga magi
  4 centaur skeletons (Crypt:3)
  An unseen horror (D:11)
  4 orange demons
  A kobold demonologist (Elf:1)
  A yaktaur zombie (Vaults:1)
  Psyche (D:11)
  6 rime drakes
  Maggie (D:6)
  10 komodo dragons
  40 yaktaurs
  A catoblepas skeleton (Crypt:3)
  An anaconda simulacrum (IceCv)
  A tormentor (Depths:4)
  9 freezing wraiths
  3 hellwings
  4 tengu conjurers
  15 ice devils
  An iron troll skeleton (Crypt:1)
  A red devil (Depths:2)
  A grey draconian skeleton (Crypt:2)
  11 tyrant leeches
  6 wind drakes
  A guardian mummy (D:13)
  A blink frog (shapeshifter) (Vaults:5)
  13 hornets
  53 slime creatures
  A tarantella (Vaults:1)
  7 trolls
  3 harpy skeletons (Crypt:3)
  A slime creature (shapeshifter) (Elf:2)
  9 polar bears
  A tengu simulacrum (Crypt:3)
  Grinder (D:6)
  Prince Ribbit (D:5)
  24 blink frogs
  An ettin zombie (Vaults:1)
  2 large abominations (Swamp:4)
  The ghost of RegularBeans the Magician, an amateur DjIE (D:4)
  An ettin skeleton (Crypt:2)
  A fire dragon zombie (Crypt:3)
  Sigmund (D:2)
  A satyr skeleton (Crypt:2)
  19 spriggans
  A culicivora (shapeshifter) (D:15)
  4 wyverns
  2 centaur simulacra
  A dire elephant simulacrum (IceCv)
  6 water elementals
  5 shadows
  7 air elementals
  Grum (D:10)
  61 yaks
  A basilisk (shapeshifter) (D:14)
  8 wraiths
  2 humans (Elf:1)
  An alligator skeleton (Crypt:3)
  3 fire bats (Depths:4)
  A golden eye (Slime:5)
  10 basilisks
  4 fire elementals
  5 steam dragons
  16 vampire mosquitoes
  Eustachio (D:5)
  2 redbacks (Vaults:1)
  2 hogs (Elf:1)
  A warg (Depths:1)
  16 swamp worms
  A naga (shapeshifter) (Depths:4)
  3 harpy simulacra
  A two-headed ogre zombie (D:10)
  7 death yak simulacra
  Edmund (D:5)
  A demonspawn zombie (Crypt:1)
  2 acid dragons (D:9)
  A human zombie (Vaults:1)
  53 nagas
  A hydra simulacrum (IceCv)
  Duvessa (D:5)
  6 hell hounds
  12 water moccasins
  A floating eye (Depths:3)
  A cane toad zombie (Crypt:3)
  A cane toad skeleton (Crypt:3)
  An entropy weaver zombie (Crypt:1)
  35 orc warriors
  A black bear (shapeshifter) (D:14)
  4 black bears
  A boggart (Elf:1)
  11 ogres
  31 centaurs
  A human skeleton (Vaults:3)
  12 wolves
  A swamp dragon skeleton (Crypt:3)
  4 kobold brigands
  A komodo dragon zombie (Crypt:3)
  12 bullfrogs
  3 gnoll sergeants
  9 necrophages
  4 cane toad simulacra
  6 scorpions
  2 two-headed ogre simulacra (IceCv)
  3 earth elementals (Elf:2)
  15 wights (Crypt:3)
  A wyvern skeleton (Crypt:1)
  Dowan (D:5)
  35 killer bees
  A troll zombie (D:10)
  A queen bee zombie (Crypt:2)
  The ghost of Sermion the Chopper, a weakling DsBe of Trog (D:3)
  A wolf zombie (Crypt:1)
  3 howler monkeys
  A yak skeleton (Crypt:2)
  5 electric eels
  5 jellies
  2 human simulacra
  26 orc priests
  4 hounds
  Crazy Yiuf (D:5)
  2 iguanas (D:5)
  Terence (D:3)
  5 hell rats (Lair:5)
  17 orc wizards
  A scorpion zombie (Crypt:1)
  A boggart skeleton (Crypt:1)
  3 polar bear simulacra (IceCv)
  9 ogre zombies
  9 wolf simulacra
  2 mummies (Crypt:3)
  4 naga skeletons
  20 gnolls
  4 naga simulacra
  6 adders
  A steam dragon skeleton (Crypt:2)
  A shadow imp (D:6)
  A white imp (IceCv)
  2 ufetubi
  A worm (D:2)
  3 dart slugs
  65 orcs
  6 endoplasms
  6 giant cockroaches
  7 goblins
  12 hobgoblins
  3 jackals (D:1)
  27 kobolds
  3 quokkas
  5 ball pythons
  3 bats
  2 frilled lizards (D:1)
  A frilled lizard zombie (Crypt:2)
  4 goblin zombies (D:10)
  3 hobgoblin skeletons
  4 hobgoblin zombies (D:10)
  An orc skeleton (D:10)
  15 orc zombies
  A quokka skeleton (Crypt:1)
  10 rats
  A bush (D:5)
2465 creatures vanquished.

Vanquished Creatures (others)
  A lich (Depths:2)
  A ghost moth (Zot:2)
  A red draconian (Depths:4)
  A ghost crab (WizLab)
  An alligator (Swamp:4)
  A centaur warrior (D:14)
  A spriggan (Depths:4)
  A salamander mystic (Snake:2)
  A deep elf archer (Elf:2)
  2 wizards (Depths:2)
  A deep elf zephyrmancer (Elf:1)
  A komodo dragon (Lair:5)
  A bloated husk (Swamp:3)
  A hornet (Depths:4)
  A water elemental (Elf:2)
  A fire bat (Depths:4)
  A wraith (D:11)
  A golden eye (Slime:5)
  An orc wizard (Orc:2)
  3 orcs
  16 foxfires
  82 fungi
  86 plants
  3 withered plants (D:15)
210 creatures vanquished.

Grand Total: 2675 creatures vanquished

Notes
Turn   | Place    | Note
-------+----------+-------------------------------------------
     0 | D:1      | rigao the Gargoyle Fighter began the quest for the Orb.
     0 | D:1      | Reached XP level 1. HP: 14/14 MP: 1/1
    95 | D:1      | Reached XP level 2. HP: 13/19 MP: 2/2
   496 | D:1      | Reached XP level 3. HP: 18/23 MP: 3/3
   968 | D:2      | Reached XP level 4. HP: 19/28 MP: 4/4
  1120 | D:2      | Noticed Sigmund
  1159 | D:2      | Killed Sigmund
  1160 | D:2      | Reached XP level 5. HP: 20/32 MP: 5/5
  1160 | D:2      | Reached XP level 6. HP: 23/37 MP: 6/6
  1433 | D:2      | Found an iron altar of Okawaru.
  1442 | D:2      | Became a worshipper of Warmaster Okawaru
  2102 | D:3      | Noticed Terence
  2311 | D:3      | Killed Terence
  2393 | D:3      | Found a shimmering blue altar of Sif Muna.
  2633 | D:3      | Found a runed translucent gate.
  2633 | D:3      | Noticed Sermion's ghost (weakling DsBe)
  2634 | D:3      | Found a runed translucent gate.
  2635 | D:3      | Found a runed translucent gate.
  2636 | D:3      | Identified the +0 leather armour "Zirhos Ohuss" {rPois
                  | Will+}
  3055 | D:4      | Reached skill level 1 in Invocations
  3136 | D:4      | Found a snail-covered altar of Cheibriados.
  3148 | D:4      | Found a runed translucent door.
  3149 | D:4      | Noticed RegularBeans's ghost (amateur DjIE)
  3275 | D:4      | Found a sacrificial altar of Ru.
  3509 | D:5      | Entered Level 5 of the Dungeon
  3627 | D:5      | Identified the +2 hammer of Daegosh Uroc {drain, Int+4}
  3629 | D:5      | Found a runed translucent door.
  3630 | D:5      | Noticed Crazy Yiuf
  3693 | D:5      | Reached XP level 7. HP: 38/41 MP: 7/7
  3766 | D:5      | Noticed Prince Ribbit
  3769 | D:5      | Noticed Edmund
  3773 | D:5      | Noticed Duvessa
  3780 | D:5      | Killed Prince Ribbit
  3780 | D:5      | Reached * piety under Okawaru
  3783 | D:5      | Noticed Dowan
  3791 | D:5      | Killed Edmund
  3809 | D:5      | Killed Duvessa
  3810 | D:5      | Reached XP level 8. HP: 16/48 MP: 5/9
  3816 | D:5      | Killed Dowan
  3934 | D:5      | Found a blossoming altar of Fedhas.
  3935 | D:5      | Found a broken altar of Ashenzari.
  4101 | D:5      | Found a hide-covered altar of Uskayaw.
  4226 | D:5      | Reached skill level 5 in Armour
  4226 | D:5      | Reached skill level 5 in Shields
  4231 | D:5      | Reached skill level 5 in Fighting
  4377 | D:5      | Noticed Eustachio
  4392 | D:5      | Killed Eustachio
  4464 | D:5      | Reached ** piety under Okawaru
  4902 | D:5      | Killed Crazy Yiuf
  4903 | D:5      | Reached XP level 9. HP: 54/54 MP: 9/12
  5197 | D:6      | Noticed Grinder
  5206 | D:6      | Killed Grinder
  5248 | D:6      | Noticed Maggie
  5256 | D:6      | Killed Maggie
  5257 | D:6      | Reached skill level 5 in Invocations
  5260 | D:6      | Reached *** piety under Okawaru
  5404 | D:6      | Found a staircase to the Ecumenical Temple.
  5414 | Temple   | Entered the Ecumenical Temple
  6163 | D:7      | Noticed Pikel
  6281 | D:7      | Killed Pikel
  6622 | D:7      | Reached XP level 10. HP: 63/63 MP: 11/14
  7143 | D:8      | Identified the +4 sling of Arrival {antimagic, rF+}
  7192 | D:8      | Noticed Joseph
  7209 | D:8      | Killed Joseph
  7209 | D:8      | Reached **** piety under Okawaru
  7280 | D:8      | Found Cypt's Weapon Shoppe.
  7311 | D:8      | Bought a +0 morningstar for 48 gold pieces
  8607 | D:9      | Found a flagged portal.
  8613 | D:9      | Identified the +3 halberd "Waicwit" {protect, *Rage rC+++
                  | Dex-2 Stlth+}
  8616 | Bailey   | Entered a bailey
  9068 | Bailey   | Noticed a two-headed ogre
  9078 | Bailey   | Killed a two-headed ogre
  9078 | Bailey   | Received a gift from Okawaru
  9079 | Bailey   | Reached XP level 11. HP: 56/69 MP: 8/17
  9264 | D:9      | Reached skill level 10 in Maces & Flails
  9374 | D:9      | Found a staircase to the Lair.
 10087 | Lair:1   | Entered Level 1 of the Lair of Beasts
 10118 | Lair:1   | Reached ***** piety under Okawaru
 10135 | Lair:1   | Noticed Urug
 10147 | Lair:1   | Killed Urug
 10197 | Lair:1   | Identified the +2 scale mail of Lifelessness {Rampage *Slow
                  | Will+ Dex+2} (Okawaru gifted it to you on level 1 of the
                  | Lair of Beasts)
 10197 | Lair:1   | Received a gift from Okawaru
 10749 | Lair:1   | Reached skill level 10 in Fighting
 10749 | Lair:1   | Reached skill level 10 in Armour
 10758 | Lair:1   | Reached XP level 12. HP: 54/77 MP: 17/19
 11236 | Lair:2   | Found a frozen archway.
 11254 | IceCv    | Entered an ice cave
 11932 | IceCv    | Found an ancient bone altar of Kikubaaqudgha.
 11996 | IceCv    | Reached skill level 10 in Invocations
 12608 | Lair:2   | Identified the +10 plate armour "Kehok" {Harm Fly rN+}
                  | (Okawaru gifted it to you on level 2 of the Lair of Beasts)
 12608 | Lair:2   | Received a gift from Okawaru
 12851 | Lair:2   | Found a staircase to the Swamp.
 12852 | Lair:2   | Noticed a four-headed hydra
 12860 | Lair:2   | Killed a four-headed hydra
 12913 | Lair:2   | Reached XP level 13. HP: 84/84 MP: 20/20
 13596 | Lair:3   | Noticed Nessos
 13618 | Lair:3   | Killed Nessos
 13841 | Lair:3   | Found a staircase to the Snake Pit.
 14123 | Lair:3   | Noticed Amaemon
 14130 | Lair:3   | Killed Amaemon
 14190 | Lair:3   | Identified the +0 robe "Rirumema" {-Tele Int+7}
 14740 | Lair:4   | Reached skill level 10 in Shields
 14763 | Lair:4   | Reached ****** piety under Okawaru
 14764 | Lair:4   | Gained mutation: Your large and strong wings let you fly.
                  | [Gargoyle growth]
 14764 | Lair:4   | Reached XP level 14. HP: 92/92 MP: 20/23
 14860 | Lair:4   | Received a gift from Okawaru
 14947 | Lair:4   | Found a viscous altar of Jiyva.
 14948 | Lair:4   | Found a staircase to the Slime Pits.
 16087 | Lair:5   | Entered Level 5 of the Lair of Beasts
 16635 | Lair:5   | Identified the +10 rapier "Dibli" {vorpal, rElec Int+4}
 16820 | Lair:5   | Identified the +11 eveningstar of Anxiety {flame, *Rage rF-
                  | rC+++ Stlth+} (Okawaru gifted it to you on level 5 of the
                  | Lair of Beasts)
 16820 | Lair:5   | Received a gift from Okawaru
 17111 | Lair:5   | Reached XP level 15. HP: 82/100 MP: 22/24
 17503 | Lair:5   | Reached XP level 16. HP: 107/107 MP: 25/25
 17824 | D:4      | Killed RegularBeans's ghost
 18052 | D:10     | Entered Level 10 of the Dungeon
 18250 | D:10     | Found a staircase to the Orcish Mines.
 18553 | D:10     | Noticed Snorg
 18566 | D:10     | Killed Snorg
 18567 | D:10     | Reached skill level 1 in Throwing
 18571 | D:10     | Identified the +2 pair of gloves of Nudecs {rF+ rC- rN+
                  | Str+3} (Okawaru gifted it to you on level 10 of the
                  | Dungeon)
 18571 | D:10     | Received a gift from Okawaru
 18689 | D:10     | Noticed Grum
 18706 | D:10     | Killed Grum
 19201 | Orc:1    | Entered Level 1 of the Orcish Mines
 19255 | Orc:1    | Found a dark tunnel.
 19273 | Volcano  | Entered a volcano
 19364 | Volcano  | Reached skill level 15 in Fighting
 19374 | Volcano  | Reached skill level 15 in Armour
 19948 | Orc:2    | Entered Level 2 of the Orcish Mines
 20228 | Orc:2    | Found a staircase to the Elven Halls.
 20944 | Orc:2    | Found Jiatuwyo's Magic Scroll Shop.
 20945 | Orc:2    | Found Bamai's Magic Scroll Boutique.
 21273 | Orc:2    | Bought a scroll of identify for 32 gold pieces
 21273 | Orc:2    | Bought 2 scrolls of identify for 64 gold pieces
 21273 | Orc:2    | Bought a scroll of enchant weapon for 120 gold pieces
 21273 | Orc:2    | Identified a scroll of acquirement
 21274 | Orc:2    | Acquired a manual of Earth Magic
 21710 | Orc:2    | Found Xoneteuj's Book Emporium.
 21710 | Orc:2    | Found Qynig's Antique Armour Shoppe.
 21711 | Orc:2    | Found a one-way gate leading to the halls of Pandemonium.
 21715 | Orc:2    | Bought the +2 shield of Resistance {rF++ rC++ Will++} for
                  | 1692 gold pieces
 21715 | Orc:2    | Found the +2 shield of Resistance {rF++ rC++ Will++}
 22041 | Orc:2    | Upgraded the game from 0.30-a0-475-g03497ec522 to
                  | 0.30-a0-476-g330ca2eb8e
 22089 | D:11     | Noticed Sonja
 22097 | D:11     | Killed Sonja
 22380 | D:11     | Found the +10 dark maul {vorpal}
 22571 | D:11     | Noticed Psyche
 22580 | D:11     | Killed Psyche
 22614 | D:11     | Received a gift from Okawaru
 22614 | D:11     | Found the +4 robe of Folly {Brilliance Will-∞ Int+8}
 23427 | D:12     | Reached skill level 5 in Throwing
 23702 | D:13     | Noticed Rupert
 23709 | D:13     | Killed Rupert
 23829 | D:13     | Reached XP level 17. HP: 115/115 MP: 26/26
 24126 | D:13     | Found a portal to a secret trove of treasure.
 24255 | D:13     | Noticed Jorgrun
 24269 | D:13     | Killed Jorgrun
 24730 | D:14     | You are sucked into a shaft and drop 1 floor!
 24730 | D:15     | Entered Level 15 of the Dungeon
 24786 | D:15     | Found an ancient bone altar of Kikubaaqudgha.
 25548 | D:14     | Found a bloodstained altar of Trog.
 26068 | D:14     | Found a gate to the Vaults.
 26111 | D:14     | Received a gift from Okawaru
 26259 | D:15     | Reached skill level 15 in Shields
 26456 | D:13     | You paid a toll of +4 fire dragon scales to enter a
                  | treasure trove
 26457 | Trove    | Entered a treasure trove
 26483 | Trove    | Got the Secrets of Spellbinding Clay
 26499 | Trove    | Got the Compendium of Mortification
 26501 | Trove    | Identified the ring "Ujaiwec" {rCorr Dex+9 Stlth+}
 26530 | Trove    | Identified the ring "Tedaeli" {rN+ Will+ Str+7}
 26755 | D:15     | Found a staircase to the Depths.
 27284 | Snake:1  | Entered Level 1 of the Snake Pit
 27304 | Snake:1  | Reached skill level 1 in Dodging
 27309 | Snake:1  | Noticed Louise
 27314 | Snake:1  | Identified the +1 plate armour of Grace {Int+5 Stlth-}
                  | (Okawaru gifted it to you on level 1 of the Snake Pit)
 27314 | Snake:1  | Received a gift from Okawaru
 27326 | Snake:1  | Killed Louise
 27405 | Snake:1  | Noticed Asterion
 27435 | Snake:1  | Killed Asterion
 27981 | Snake:1  | Found Hoich's Jewellery Emporium.
 27981 | Snake:1  | Found Yjuus Rodgh's Distillery.
 27999 | Snake:1  | Bought a potion of heal wounds for 65 gold pieces
 27999 | Snake:1  | Bought a potion of heal wounds for 65 gold pieces
 28171 | Snake:1  | Identified the amulet of the Scavenger {Acrobat Int-4 Dex+6
                  | Slay+2}
 28184 | Snake:1  | Got Seexkiex's Further Steps in Wizardry
 28279 | Snake:1  | Noticed Frances
 28292 | Snake:1  | Killed Frances
 28632 | Snake:2  | Found Huezery's Antique Weapon Boutique.
 28786 | Snake:2  | Found Rimocom's Magic Scroll Shop.
 28801 | Snake:2  | Bought a scroll of poison for 64 gold pieces
 28801 | Snake:2  | Bought a scroll of teleportation for 48 gold pieces
 28801 | Snake:2  | Bought a scroll of fear for 64 gold pieces
 29135 | Snake:1  | Reached XP level 18. HP: 116/123 MP: 27/27
 29192 | Snake:2  | Found a runed translucent door.
 29827 | Snake:2  | Found Anutof's General Store.
 30169 | Snake:2  | Identified the +2 pair of boots of Spite {+Blink Will+}
                  | (Okawaru gifted it to you on level 2 of the Snake Pit)
 30169 | Snake:2  | Received a gift from Okawaru
 30184 | Snake:2  | Reached skill level 5 in Dodging
 30405 | Snake:2  | Got the Lectures on the Oath and Outbursts
 31059 | Snake:3  | Found Ruive's Antique Armour Shop.
 31286 | Snake:4  | Entered Level 4 of the Snake Pit
 31437 | Snake:4  | Received a gift from Okawaru
 31539 | Snake:4  | Identified the +0 kite shield of the Feeding Gods {*Corrode
                  | Will+ Str+2} (Okawaru gifted it to you on level 4 of the
                  | Snake Pit)
 31539 | Snake:4  | Received a gift from Okawaru
 31547 | Snake:4  | Reached skill level 10 in Throwing
 31846 | Snake:4  | Noticed Donald
 31858 | Snake:4  | Killed Donald
 32292 | Snake:4  | Reached XP level 19. HP: 130/130 MP: 28/28
 32597 | Snake:4  | Received a gift from Okawaru
 32686 | Snake:4  | Got a serpentine rune of Zot
 32853 | Swamp:1  | Entered Level 1 of the Swamp
 32897 | Swamp:1  | Identified the +5 leather armour of the Alphagorgon {Str+6
                  | Int-3}
 35086 | Swamp:4  | Entered Level 4 of the Swamp
 35092 | Swamp:4  | Received a gift from Okawaru
 35190 | Swamp:4  | Noticed zero's ghost (adept DECj)
 35195 | Swamp:4  | Reached skill level 10 in Dodging
 35203 | Swamp:4  | Noticed a tentacled monstrosity
 35219 | Swamp:4  | Killed a tentacled monstrosity
 35272 | Swamp:4  | Found a runed translucent door.
 35279 | Swamp:4  | Noticed a tentacled monstrosity
 35294 | Swamp:4  | Killed a tentacled monstrosity
 35329 | Swamp:4  | Received a gift from Okawaru
 35527 | Swamp:4  | Reached XP level 20. HP: 137/137 MP: 29/29
 35559 | Swamp:4  | Received a gift from Okawaru
 35618 | Swamp:4  | Noticed the 27-headed Lernaean hydra
 35633 | Swamp:4  | Killed the 27-headed Lernaean hydra
 35841 | Swamp:4  | Got a decaying rune of Zot
 36111 | Swamp:4  | Killed zero's ghost
 36116 | Swamp:4  | Reached XP level 21. HP: 144/144 MP: 24/30
 36481 | D:3      | Killed Sermion's ghost
 36767 | Vaults:1 | Entered Level 1 of the Vaults
 37158 | Vaults:1 | Identified the +0 pair of boots of the Turtle {Int+2}
                  | (Okawaru gifted it to you on level 1 of the Vaults)
 37158 | Vaults:1 | Received a gift from Okawaru
 37363 | Vaults:1 | Acquired 1108 gold pieces
 37396 | Vaults:1 | You are sucked into a shaft and drop 1 floor!
 38211 | Vaults:1 | Identified the +7 great mace "Omoobb" {elec, Dex+4}
 38621 | Vaults:2 | Found Loaklyqy's Jewellery Shop.
 39057 | Vaults:2 | Found a staircase to the Crypt.
 39116 | Vaults:2 | Bought the amulet "Yratuwy" {Regen+ Str+6 Int+2 SInv} for
                  | 754 gold pieces
 39208 | Vaults:2 | Reached XP level 22. HP: 144/151 MP: 31/31
 39324 | Vaults:2 | Received a gift from Okawaru
 39677 | Vaults:2 | Found a runed translucent gate.
 39677 | Vaults:2 | Found a runed translucent gate.
 39677 | Vaults:2 | Found a runed translucent gate.
 39694 | Vaults:2 | Noticed Cewk's ghost (adept DEVM)
 39806 | Vaults:2 | Found the ring of the Octopus King
 39830 | Vaults:2 | Killed Cewk's ghost
 39836 | Vaults:2 | Identified a ring of the Octopus King {Fly HP+2 AC+2 EV+2
                  | SH+2}
 39998 | Vaults:3 | Reached skill level 1 in Earth Magic
 40140 | Vaults:3 | Reached skill level 2 in Earth Magic
 40150 | Vaults:3 | Reached skill level 3 in Earth Magic
 40340 | Vaults:3 | Reached skill level 4 in Earth Magic
 40359 | Vaults:3 | Reached skill level 5 in Earth Magic
 40440 | Vaults:3 | Received a gift from Okawaru
 40453 | Vaults:3 | Reached skill level 6 in Earth Magic
 40555 | Vaults:3 | Reached skill level 7 in Earth Magic
 40660 | Vaults:3 | Reached skill level 8 in Earth Magic
 40786 | Vaults:3 | Reached skill level 9 in Earth Magic
 40796 | Vaults:3 | Received a gift from Okawaru
 40882 | Vaults:3 | Reached skill level 10 in Earth Magic
 40897 | Vaults:3 | Received a gift from Okawaru
 41116 | Vaults:3 | Found Muogis's General Store.
 41130 | Vaults:3 | Bought the +1 pair of gloves of Vikableuva {Regen+} for 247
                  | gold pieces
 41358 | Vaults:4 | Reached skill level 11 in Earth Magic
 41490 | Vaults:4 | Found a magical portal.
 41499 | WizLab   | Entered The Chambers of the Cloud Mage
 41512 | WizLab   | Paralysed by an air elemental for 1 turns
 41520 | WizLab   | Paralysed by an air elemental for 1 turns
 41529 | WizLab   | Paralysed by an air elemental for 1 turns
 41627 | WizLab   | Reached skill level 12 in Earth Magic
 41838 | WizLab   | Noticed Ogis
 41841 | WizLab   | Reached XP level 23. HP: 156/156 MP: 32/32
 41855 | WizLab   | Killed Ogis the Cloud Mage
 41856 | WizLab   | Reached skill level 13 in Earth Magic
 41887 | WizLab   | Found the ring of the Hare {EV+8}
 41892 | WizLab   | Identified the +8 scimitar of Honesty {spect, Drain rElec
                  | rC+ Stlth+}
 41906 | WizLab   | Got the Textbook on Feathers
 42048 | Vaults:4 | Identified the +1 robe of the Final Geomancers {Dex+3}
 42484 | Vaults:4 | Learned a level 5 spell: Lee's Rapid Deconstruction
 42511 | Vaults:4 | Reached skill level 14 in Earth Magic
 42854 | Vaults:4 | Reached skill level 15 in Dodging
 42874 | Vaults:4 | Reached skill level 15 in Earth Magic
 44106 | Vaults:4 | Upgraded the game from 0.30-a0-476-g330ca2eb8e to
                  | 0.30-a0-509-gd016549fea
 44348 | Elf:1    | Entered Level 1 of the Elven Halls
 44371 | Elf:1    | Noticed Azrael
 44382 | Elf:1    | Killed Azrael
 44476 | Elf:1    | Noticed Kirke
 44484 | Elf:1    | Killed Kirke
 44612 | Elf:1    | Reached skill level 16 in Earth Magic
 44658 | Elf:1    | Received a gift from Okawaru
 45481 | Elf:2    | Reached skill level 17 in Earth Magic
 45665 | Elf:2    | Received a gift from Okawaru
 45688 | Elf:2    | Found a runed translucent gate.
 45689 | Elf:2    | Found a runed translucent gate.
 45689 | Elf:2    | Found a runed translucent gate.
 45865 | Elf:3    | Entered Level 3 of the Elven Halls
 45880 | Elf:3    | Noticed Verendum's ghost (adept OpTm)
 45882 | Elf:3    | Found a runed translucent gate.
 45882 | Elf:3    | Found a runed translucent gate.
 45883 | Elf:3    | Found a runed translucent gate.
 46016 | Elf:3    | Noticed Bai Suzhen
 46036 | Elf:3    | Killed Bai Suzhen
 46473 | Elf:3    | Reached skill level 18 in Earth Magic
 46561 | Elf:3    | Identified the +1 chain mail "Nuves" {rN+ Str+2} (Okawaru
                  | gifted it to you on level 3 of the Elven Halls)
 46561 | Elf:3    | Received a gift from Okawaru
 46730 | Elf:3    | Reached XP level 24. HP: 153/163 MP: 32/32
 46803 | Elf:3    | Identified the +11 spear "Qarghecun" {vorpal, rPois rCorr}
 46806 | Elf:3    | Identified the +8 rapier of Scorn {vamp, *Noise rPois rC++}
 46909 | Elf:3    | Found the necklace of Bloodlust {*Rage Will++ Int-3 Slay+6}
 46920 | Elf:3    | Identified the +1 quarterstaff of Dielegum {vamp, rF+
                  | Str+4}
 46961 | Elf:3    | Identified the +2 troll leather armour "Beoriqie" {rC+
                  | Regen+ Str+7 Int+2}
 47144 | Elf:3    | Killed Verendum's ghost
 47453 | Crypt:1  | Entered Level 1 of the Crypt
 47706 | Crypt:1  | Reached skill level 15 in Throwing
 48128 | Crypt:1  | Reached skill level 1 in Spellcasting
 48553 | Crypt:2  | Received a gift from Okawaru
 48567 | Crypt:2  | Upgraded the game from 0.30-a0-509-gd016549fea to
                  | 0.30-a0-528-g8c47a4955b
 49253 | Crypt:3  | Entered Level 3 of the Crypt
 49387 | Crypt:3  | Noticed a royal mummy
 49387 | Crypt:3  | Noticed Khufu
 49554 | Crypt:3  | Killed a royal mummy
 49575 | Crypt:3  | Killed Khufu
 50174 | Crypt:3  | Noticed a dread lich
 50176 | Crypt:3  | Received a gift from Okawaru
 50179 | Crypt:3  | Killed a dread lich
 50196 | Crypt:3  | Received a gift from Okawaru
 50364 | Crypt:3  | Got Kikubaaqudgha's Tome of Despicable Rites
 50442 | Crypt:3  | Learned a level 9 spell: Shatter
 50498 | Crypt:3  | Reached XP level 25. HP: 160/171 MP: 32/32
 50707 | Crypt:3  | Identified the amulet of Desertification {Harm +Inv Regen+
                  | Int+8 Stlth-}
 50707 | Crypt:3  | Identified the amulet "Teerul" {Fly rElec Regen+ Dex+2}
 50707 | Crypt:3  | Identified the ring "Uskaledix" {rN+ Str+2 Dex+3}
 50734 | Crypt:3  | Reached skill level 5 in Spellcasting
 50734 | Crypt:3  | Found a staircase to the Tomb.
 50805 | Crypt:3  | Acquired the ring "Jukit" {rF- EV+4 Slay+5 Stlth+}
 51262 | Depths:1 | Entered Level 1 of the Depths
 51283 | Depths:1 | Found Juoriem's Magic Scroll Shoppe.
 51306 | Depths:1 | Bought a scroll of blinking for 120 gold pieces
 51306 | Depths:1 | Bought a scroll of fog for 64 gold pieces
 51306 | Depths:1 | Bought a scroll of teleportation for 48 gold pieces
 51410 | Depths:1 | Found Naeph's Antique Armour Boutique.
 51427 | Depths:1 | Found a one-way gateway to a ziggurat.
 51624 | Depths:1 | Found a gateway to Hell.
 51640 | Depths:1 | Found a shimmering blue altar of Sif Muna.
 51876 | Depths:1 | Noticed Nikola
 52042 | Depths:1 | Noticed Saint Roka
 52051 | Depths:1 | Killed Saint Roka
 52052 | Depths:1 | Reached skill level 19 in Earth Magic
 52561 | Depths:2 | Killed Nikola
 52861 | Depths:2 | Found a stormy altar of Qazlal.
 52906 | Depths:2 | Identified the +2 helmet "Kifed" {rF+ Str-5 Dex+5 Stlth+}
 53003 | Depths:2 | Received a gift from Okawaru
 53016 | Depths:2 | Reached skill level 20 in Earth Magic
 53063 | Depths:2 | Found Syosanah's Book Boutique.
 53064 | Depths:2 | Found Buarr's Jewellery Emporium.
 53066 | Depths:2 | Found Saum's Book Boutique.
 53185 | Depths:2 | Found Ybempuo's Distillery.
 53190 | Depths:2 | Bought a potion of heal wounds for 55 gold pieces
 53190 | Depths:2 | Bought a potion of resistance for 110 gold pieces
 53190 | Depths:2 | Bought a potion of magic for 88 gold pieces
 53190 | Depths:2 | Bought a potion of invisibility for 88 gold pieces
 53773 | Depths:2 | Noticed a dread lich
 53787 | Depths:2 | Killed a dread lich
 54230 | Depths:3 | Reached skill level 10 in Spellcasting
 54260 | Depths:3 | Received a gift from Okawaru
 54270 | Depths:3 | Noticed a juggernaut
 54278 | Depths:3 | Killed a juggernaut
 54279 | Depths:3 | Reached skill level 21 in Earth Magic
 54279 | Depths:3 | Reached XP level 26. HP: 141/177 MP: 35/37
 54315 | Depths:3 | Noticed a juggernaut
 54328 | Depths:3 | Killed a juggernaut
 54332 | Depths:3 | Identified the +9 flail of a bazaar {holy, rC+ Dex+3}
                  | (Okawaru gifted it to you on level 3 of the Depths)
 54332 | Depths:3 | Received a gift from Okawaru
 54396 | Depths:3 | Got the Vademecum on Peregrination
 54461 | Depths:3 | Identified the +2 chain mail of the Sky {Str-4 Int+7}
 54674 | Depths:3 | Found an opulent altar of Gozag.
 54771 | Depths:3 | You are sucked into a shaft and drop 1 floor!
 54771 | Depths:4 | Entered Level 4 of the Depths
 55107 | Depths:3 | Found a one-way gate to the infinite horrors of the Abyss.
 55271 | Depths:4 | Noticed a juggernaut
 55286 | Depths:4 | Killed a juggernaut
 55316 | Depths:4 | Received a gift from Okawaru
 55324 | Depths:4 | Reached skill level 22 in Earth Magic
 55434 | Depths:4 | Found a white marble altar of Elyvilon.
 55446 | Depths:4 | Identified the +7 battleaxe "Vuovan Webiw" {freeze, rN+}
 55604 | Depths:4 | Found a shadowy altar of Dithmenos.
 55793 | Depths:4 | Identified the +3 leather armour "Devekk" {rF- rN+++ rCorr
                  | Str-5}
 56210 | Depths:4 | Found a gate to the Realm of Zot.
 56424 | Depths:4 | Reached skill level 23 in Earth Magic
 56815 | Vaults:5 | Entered Level 5 of the Vaults
 56956 | Vaults:4 | Received a gift from Okawaru
 56971 | Vaults:4 | Reached skill level 24 in Earth Magic
 57091 | Vaults:5 | Received a gift from Okawaru
 57092 | Vaults:5 | Reached XP level 27. HP: 177/182 MP: 39/39
 57245 | Vaults:5 | Reached skill level 25 in Earth Magic
 57605 | Vaults:5 | Reached skill level 26 in Earth Magic
 57612 | Vaults:5 | Received a gift from Okawaru
 57642 | Vaults:5 | Identified the ring "Kuneomno" {Fly rF+ Int+3}
 57683 | Vaults:5 | Found the +3 Elemental Staff {rElec rF++ rC++ AC+5}
 58102 | Vaults:5 | Identified the +3 long sword of the Philosopher {freeze,
                  | Str+2 Int+3}
 58133 | Vaults:5 | Identified the +7 short sword of Tajuydgh {antimagic, rPois
                  | rCorr Dex-3}
 58206 | Vaults:5 | Found the +2 Maxwell's thermic engine {flame, freeze}
 58217 | Vaults:5 | Identified the +4 sling "Irril" {speed, Fly rCorr Int+3}
 58220 | Vaults:5 | Identified the +3 mace "Acsair" {distort, rPois Int+6}
 58276 | Vaults:5 | Found Reyda Gets's Weapon Shoppe.
 58286 | Vaults:5 | Got a silver rune of Zot
 59635 | Slime:1  | Entered Level 1 of the Pits of Slime
 59733 | Slime:3  | Noticed Dissolution
 59743 | Slime:2  | Killed Dissolution
 59744 | Slime:2  | Reached skill level 27 in Earth Magic
 60006 | Slime:5  | Entered Level 5 of the Pits of Slime
 60045 | Slime:5  | Received a gift from Okawaru
 60074 | Slime:5  | Found a viscous altar of Jiyva.
 60074 | Slime:5  | Noticed the Royal Jelly
 60094 | Slime:5  | Killed the Royal Jelly
 60199 | Slime:5  | Got a slimy rune of Zot
 60271 | Slime:5  | Got the Parchment of Heat and Conduction
 60649 | Zot:1    | Entered Level 1 of the Realm of Zot
 60734 | Zot:1    | Found a transporter.
 60769 | Zot:1    | Found the +0 mask of the Dragon {Will+ Slay+3 SInv}
 60887 | Zot:1    | Found a runed translucent gate.
 60887 | Zot:1    | Found a runed translucent gate.
 60887 | Zot:1    | Found a runed translucent gate.
 60890 | Zot:1    | Noticed caveywoolpert's ghost (veteran DgEE)
 60903 | Zot:1    | Identified the +0 cloak of Impatience {rC+ rN++} (Okawaru
                  | gifted it to you on level 1 of the Realm of Zot)
 60903 | Zot:1    | Received a gift from Okawaru
 61833 | Zot:2    | Found a runed translucent gate.
 61833 | Zot:2    | Found a runed translucent gate.
 61833 | Zot:2    | Found a runed translucent gate.
 61836 | Zot:2    | Noticed Numeyn's ghost (legendary GrBe)
 62459 | Zot:3    | Noticed an ancient lich
 62530 | Zot:3    | Killed an ancient lich
 64137 | Zot:5    | Entered Level 5 of the Realm of Zot
 64149 | Zot:4    | Received a gift from Okawaru
 64558 | Zot:5    | Noticed an orb of fire
 64594 | Zot:5    | Noticed an orb of fire
 64610 | Zot:5    | Killed an orb of fire
 64617 | Zot:5    | Noticed an orb of fire
 64633 | Zot:5    | Gained mutation: You occasionally shout uncontrollably at
                  | your foes. [an orb of fire]
 64638 | Zot:5    | Gained mutation: You have an increased reservoir of magic.
                  | (+10% MP) [an orb of fire]
 64642 | Zot:5    | Killed an orb of fire
 64668 | Zot:5    | Killed an orb of fire
 64770 | Zot:5    | Noticed an ancient lich
 64780 | Zot:5    | Noticed an ancient lich
 64790 | Zot:5    | Killed an ancient lich
 64796 | Zot:5    | Killed an ancient lich
 64890 | Zot:5    | Received a gift from Okawaru
 65296 | Zot:5    | Received a gift from Okawaru
 65344 | Zot:5    | Reached skill level 15 in Spellcasting
 65366 | Zot:5    | Noticed an ancient lich
 65374 | Zot:5    | Killed an ancient lich
 65465 | Zot:5    | Noticed an orb of fire
 65472 | Zot:5    | Gained mutation: You are vulnerable to cold. (rC-) [an orb
                  | of fire]
 65488 | Zot:5    | Killed an orb of fire
 65488 | Zot:5    | Identified the +1 scale mail "Hacvof" {Str+2} (Okawaru
                  | gifted it to you on level 5 of the Realm of Zot)
 65488 | Zot:5    | Received a gift from Okawaru
 65498 | Zot:5    | Noticed an orb of fire
 65516 | Zot:5    | Killed an orb of fire
 65624 | Zot:5    | Noticed an orb of fire
 65646 | Zot:5    | Killed an orb of fire
 66029 | Zot:5    | Got the Orb of Zot
 66519 | D:$      | Escaped with the Orb!

Illustrated notes

Levels and vault maps discovered:
D:1:      co_arrival_square_in_a_square_in_a_square, layout_basic,
          reono_crystal_passage, minmay_3d_cube
D:2:      layout_loops_ring, basic_altar, chequers_serial_rivers_room_a,
          uniq_sigmund
D:3:      layout_loops_ring, marbit_many_paths, biasface_ghost_orc_armoury,
          uniq_terence
D:4:      layout_basic, lemuel_tele_altar, old_standard_altar,
          ebering_ghost_reflecting_pool
D:5:      layout_loops_corners, mainiacjoe_overflow_cross_hatched,
          nicolae_overflow_squiral, uniq_edmund, uniq_eustachio,
          uniq_crazy_yiuf_cottage, uniq_prince_ribbit1, uniq_duvessa
D:6:      layout_basic, minmay_temple_entry_gardened_gates, uniq_grinder,
          uniq_maggie
D:7:      layout_loops_ring, minivault_1, uniq_pikel
D:8:      layout_gridville, serial_shops, nicolae_shop_bloodbath_and_beyond,
          uniq_joseph
D:9:      layout_long_grid, due_lair_maze_entry_diamond, enter_bailey_2,
          minivault_23
D:10:     layout_basic, zombieorc2_lemuel, chequers_garden, uniq_grum,
          uniq_snorg
D:11:     minmay_roctagon, layout_small_grid, uniq_psyche, uniq_sonja
D:12:     layout_roguey
D:13:     layout_gridville, nicolae_trove_entry_path_of_doom,
          kennysheep_decorative_pillar, minivault_16, uniq_jorgrun, uniq_rupert
D:14:     layout_gridville, david_vaults_2, minmay_misc_feat_tower,
          trog_hazing_becter
D:15:     grunt_enter_depths_hoard, layout_loops_ring, kiku_gazebo_garden_becter
Temple:   nicolae_temple_bog_church
Lair:1:   layout_gridlike, serial_bayou_shore_a, uniq_urug
Lair:2:   layout_regular_city, swamp_mist_pool,
          portal_ice_cave_entry_ice_simulacra, st_stairs_3
Lair:3:   layout_chaotic_city, minmay_snake_entry_guardpost_small,
          grunt_megastairs_5, infiniplex_staircase_pool, uniq_nessos,
          uniq_amaemon
Lair:4:   layout_small_grid, nicolae_slime_entry_slimehenge,
          beast_lair_carwin_5, serial_bayou_shore_b,
          infiniplex_staircase_pool_2, grunt_megastairs_2
Lair:5:   gammafunk_lair_ancient_temple, layout_loops_ring
Swamp:1:  layout_basic_swamp, evilmike_swamp_ruin_house_1
Swamp:2:  layout_falls_marsh, nicolae_swamp_ascending_descending, swamp_pool2
Swamp:3:  layout_falls_marsh, nicolae_swamp_tree_designs,
          hangedman_swamp_ravenous
Swamp:4:  swamp_vile, layout_basic_swamp, hellmonk_ghost_happy_afterlife,
          swamp_pool1, nicolae_swamp_orc_logging_accident
Snake:1:  layout_concentric_octagons, nicolae_snake_salamander_fort,
          minmay_shoptagon, uniq_asterion, uniq_louise, uniq_frances
Snake:2:  layout_layer_cave, serial_shops, shop, nicolae_shop_behind_doors,
          nicolae_shop_overgrown_old_shop, lightli_airlock, grunt_megastairs_1
Snake:3:  layout_rooms, serial_shops, nicolae_shop_stone,
          nicolae_coiled_stairwell_down
Snake:4:  johnstein_snake_rune_scales, layout_cave_town, serial_bayou_lake_a,
          uniq_donald
Slime:1:  layout_caves
Slime:2:  layout_caves
Slime:3:  cheibrodos_slime_lost_civilization_1, layout_caves, dissolution_awaits
Slime:4:  layout_caves
Slime:5
Orc:1:    layout_caves, basic_altar, nicolae_volcano_entry_two_sided
Orc:2:    pf_orc_diabolical, layout_diamond_mine
Elf:1:    layout_onion_city, hangedman_elf_disciples, uniq_kirke, uniq_azrael
Elf:2:    nicolae_elf_blades_crystal_corner, layout_geoelf_grid
Elf:3:    minmay_elf_hall_dome, layout_geoelf_castle, gammafunk_ghost_split,
          uniq_bai_suzhen
Vaults:1: hangedman_vaults_stream, v_rooms_2, vaults_mumra_hexcomb,
          vaults_room_door_hall, grunt_vaults_swirl, st_diamondy,
          nicolae_vaults_angled_halls, nicolae_vaults_alarming,
          ontoclasm_vaults_fault, ontoclasm_vaults_shuriken,
          grunt_vaults_diagonal, nicolae_vaults_circle_grid_b,
          nicolae_vaults_asterisk, grunt_vaults_hallway_long, vaults_room_pool,
          layout_vaults_ring
Vaults:2: ebering_ghost_rock_garden, hangedman_vaults_pinch,
          hangedman_vaults_stitches, nicolae_vaults_border_crossing, v_misc_33,
          hangedman_vaults_capsules, st_eye, vaults_room_fours,
          vaults_dpeg_emergency_exit, nicolae_vaults_little_squares_4,
          vaults_dpeg_ring, vaults_dpeg_encased_lava, layout_vaults_big_room,
          serial_shops, shop
Vaults:3: vaults_room_large_hall, ontoclasm_vaults_ligature,
          nicolae_vaults_little_ls, hangedman_vaults_restitches, v_misc_32,
          v_alt_pattern_4, nicolae_vaults_windows_and_doors_thing,
          st_smaller_cells, vaults_mumra_hex, vaults_dpeg_diagonal,
          nicolae_vaults_specimen_jars, layout_vaults_omnicross, serial_shops,
          shop_statue
Vaults:4: mu_enter_wizlab_5, v_misc_25, nicolae_vaults_branching_niches,
          v_rooms_4, nicolae_vaults_little_squares_4, v_misc_27,
          hangedman_vaults_variations, ontoclasm_vaults_eye,
          ontoclasm_vaults_pinch, layout_vaults_omnigrid
Vaults:5
Crypt:1:  layout_regular_city, serial_sigils_hangedman_confine,
          grunt_crypt_arrival_webbed
Crypt:2:  layout_misc_corridors, grunt_ministairs_1
Crypt:3:  due_elkab, layout_chaotic_city, uniq_khufu
Depths:1: layout_gridlike, enter_ziggurat_c, hell_entry, pan_entry,
          grunt_decor_one_mirror, serial_shops, shop, nrook_mini_backslash,
          kennysheep_another_room, nicolae_sif_muna_condensation,
          minmay_shop_star, uniq_nikola, uniq_saint_roka
Depths:2: cheibrodos_cascadia, layout_basic, rand_demon_pan_entry_7,
          nicolae_qazlal_scattered_showers, pf_hell_entry_great_geh,
          serial_shops, kennysheep_little_box, minmay_staircase_windowed_small,
          grunt_megastairs_4, minmay_shop_grove
Depths:3: minmay_the_grid_octo_2x2 [minmay_the_grid_octo_odd_swirl,
          minmay_the_grid_octo_concentric, minmay_the_grid_octo_checkerflower,
          minmay_the_grid_octo_prize_star], layout_gridlike,
          grunt_gozag_breadcrumbs, pf_coc_iceberg, abyss_entry_crystal,
          onia_ninara_cookie
Depths:4: grunt_zot_entry_hairpin, layout_basic, abyss_entry, hell_entry,
          nicolae_elyvilon_temple_path, grunt_dithmenos_smoke
Zot:1:    layout_basic, gammafunk_ghost_ooze,
          chequers_guarded_unrand_mask_of_the_dragon
Zot:2:    layout_cathedral_of_symmetry, gammafunk_ghost_necromancy,
          grunt_megastairs_3
Zot:3:    ebering_greatest_show_in_zot, layout_twisted_circle,
          hangedman_zot_decor_tridents
Zot:4:    layout_twisted_circle
Zot:5:    layout_misc_corridors

Skill      XL: |  1  2  3  4  5  6  7  8  9 10 11 12 13 14 15 16 17 18 19 20 21 22 23 24 25 26 27 |
---------------+----------------------------------------------------------------------------------+-----
Maces & Flails | 3 4 6 7 8 9 10 11 12 | 12.9
Invocations    | 1 2 4 6 8 9 10 12 | 12.0
Fighting       | 4 5 7 8 10 11 12 14 15 17 18 19 20 21 23 | 23.3
Armour         | 4 5 7 8 10 11 12 14 15 17 18 19 20 21 23 | 23.3
Shields        | 4 5 6 8 10 12 14 15 | 15.0
Throwing       | 5 7 10 12 13 14 15 | 15.0
Dodging        | 4 7 10 11 12 14 15 16 18 | 18.5
Earth Magic    | 12 18 21 24 27 | 27.0
Spellcasting   | 4 10 12 15 | 15.5

Action                   |  1- 3 |  4- 6 |  7- 9 | 10-12 | 13-15 | 16-18 | 19-21 | 22-24 | 25-27 || total
-------------------------+-------+-------+-------+-------+-------+-------+-------+-------+-------++-------
Melee: Flail             |   117 |   217 |   246 |   225 |       |       |       |       |       ||   805
       Demon whip        |       |       |       |   536 |   684 |  1828 |  1055 |  1757 |  2621 ||  8481
Throw: Throwing net      |       |     1 |       |       |       |       |       |     1 |     2 ||     4
       Boomerang         |       |       |       |       |       |    68 |    24 |   226 |   286 ||   604
       Javelin           |       |       |       |       |       |       |       |    12 |    61 ||    73
 Cast: Lee's Rapid Decon |       |       |       |       |       |       |       |    22 |     9 ||    31
       Shatter           |       |       |       |       |       |       |       |       |     9 ||     9
Invok: Heroism           |       |       |    11 |    22 |    17 |    27 |    11 |    28 |    30 ||   146
       Finesse           |       |       |       |     5 |     1 |     7 |     4 |     6 |    12 ||    35
 Abil: Evoke Blink       |       |       |       |       |       |       |     1 |       |       ||     1
Evoke: Wand              |       |       |    11 |    14 |     2 |     3 |       |       |     1 ||    31
       Tin of tremorston |       |       |       |       |     2 |     4 |     2 |     2 |     2 ||    12
       Condenser vane    |       |       |       |       |       |       |     3 |     7 |     6 ||    16
  Use: Scroll            |       |     6 |     1 |    19 |     4 |    14 |     3 |     3 |     7 ||    57
       Potion            |       |     1 |     2 |     3 |     1 |       |     1 |       |     9 ||    17
 Stab: Paralysed         |       |       |    19 |     3 |     2 |     7 |       |       |       ||    31
       Petrified         |       |       |       |       |       |     8 |       |       |       ||     8
       Confused          |       |       |       |       |       |     1 |       |    15 |     7 ||    23
       Petrifying        |       |       |       |       |       |     1 |       |       |       ||     1
       Held in net/web   |       |       |       |       |       |       |       |     2 |       ||     2
       Invisible         |       |       |       |       |       |       |       |       |    10 ||    10
Armor: Scale mail        |    65 |    39 |   106 |   292 |       |       |       |       |       ||   502
       Plate armour      |       |    46 |    11 |    46 |   329 |   838 |   446 |   597 |   956 ||  3269
Dodge: Dodged            |    61 |    93 |   116 |   301 |   142 |   557 |   370 |   749 |  1588 ||  3977
Block: Buckler           |    20 |    33 |    60 |   184 |    58 |       |       |       |       ||   355
       Kite shield       |       |       |       |       |   187 |  1148 |   625 |   873 |  1353 ||  4186

Table legend: (Time is in decaauts)
 A = Elapsed time spent in this place.
 B = Non-inter-level travel time spent in this place.
 C = Inter-level travel time spent in this place.
 D = Time resting spent in this place.
 E = Time spent auto-exploring this place.
 F = Levels seen in this place.
 G = Mean time per level.
                   A        B        C        D        E       F      G
               +--------+--------+--------+--------+--------+-----+--------+
         Total |  62606 |  56249 |   6357 |   5516 |  38119 |  61 | 1026.3 |
       Dungeon |  17101 |  14196 |   2905 |   1003 |  10419 |  15 | 1140.1 |
        Temple |    185 |    174 |     11 |      0 |    160 |   1 |  185.0 |
          Lair |   6492 |   5585 |    907 |    659 |   3855 |   5 | 1298.4 |
         Swamp |   3108 |   2987 |    121 |    101 |   2316 |   4 |  777.0 |
     Snake Pit |   5018 |   4820 |    198 |    656 |   3148 |   4 | 1254.5 |
    Slime Pits |    597 |    520 |     77 |     57 |    113 |   5 |  119.4 |
  Orcish Mines |   2491 |   2343 |    148 |    625 |   1213 |   2 | 1245.5 |
   Elven Halls |   2696 |   2587 |    109 |     99 |   1910 |   3 |  898.7 |
        Vaults |   8193 |   7527 |    666 |    316 |   5490 |   5 | 1638.6 |
         Crypt |   3376 |   3146 |    230 |    216 |   2063 |   3 | 1125.3 |
        Depths |   5642 |   4948 |    694 |    559 |   3266 |   4 | 1410.5 |
           Zot |   5020 |   4734 |    286 |    502 |   3054 |   5 | 1004.0 |
         Trove |    206 |    206 |      0 |      0 |    148 |   1 |  206.0 |
        Bailey |    595 |    595 |      0 |    149 |    296 |   1 |  595.0 |
      Ice Cave |   1143 |   1143 |      0 |    508 |    292 |   1 | 1143.0 |
       Volcano |    277 |    277 |      0 |     16 |    100 |   1 |  277.0 |
        Wizlab |    458 |    458 |      0 |     47 |    275 |   1 |  458.0 |
               +--------+--------+--------+--------+--------+-----+--------+

Top non-repeatable levels by time:
Vaults:4: 2496 daAuts
   Orc:2: 1852 daAuts
Vaults:1: 1830 daAuts
  Lair:4: 1744 daAuts
   Zot:5: 1664 daAuts
 Snake:2: 1656 daAuts
Depths:4: 1655 daAuts
    D:13: 1649 daAuts
     D:5: 1592 daAuts
     D:8: 1588 daAuts
Depths:2: 1521 daAuts
 Crypt:3: 1509 daAuts
Vaults:2: 1363 daAuts
 Snake:1: 1342 daAuts
Depths:1: 1329 daAuts
